AoeStats
← ivcrk826

Arabia

507051692Analyzed
1v1 RM · 15d ago on Sep 16, 2026· 48m 9s· 2 players
Game mode
Random Map
Map size
Tiny (2 player)
Population
200
Speed
Normal
Resources
Standard
Victory
Conquest
Starting age
Dark Age
Ending age
Imperial Age
RankedLock teamsTeams togetherTeam positionsShared explorationLock speedFull tech treeHidden civsTurbo modeCheats
Victory
Defeat
🇮🇩 Shu · Indonesia
1139
+15
🇦🇷 Mongols · Argentina
1115
-15
ivcrk826
6:20 Loom
9:18 Feudal Age
9:31 Man-at-Arms
10:03 Double-Bit Axe
15:35 Fletching
21:40 Castle Age
20:40 Padded Archer Armor
22:21 Bodkin Arrow
23:35 Thumb Ring
23:24 Crossbowman
26:07 Bow Saw
38:16 Ballistics
44:06 Imperial Age
43:11 Bloodlines
42:23 Light Cavalry
43:19 Husbandry
45:20 Hussar
Franko87
6:09 Loom
9:17 Feudal Age
10:04 Double-Bit Axe
15:41 Fletching
20:32 Castle Age
21:20 Padded Archer Armor
20:59 Crossbowman
21:36 Bodkin Arrow
21:58 Thumb Ring
26:02 Ballistics
26:37 Scale Barding Armor
27:16 Husbandry
27:49 Chain Barding Armor
37:56 Wheelbarrow
38:02 Elite Skirmisher
43:25 Imperial Age
41:13 Hand Cart
42:45 Forging
42:57 Town Watch
45:09 Plate Barding Armor
44:03 Heavy Hei Guang Cavalry
47:04 Arbalester
48:07 Conscription
48:15 Bow Saw
Connection lost

Rejoining the realm…

Still unreachable

The connection could not be restored.

Session expired

The server has moved on; the page needs a fresh start.